 Dungeon Crawl Stone Soup version 0.29-a0-495-g17b79114eb (webtiles) character file.

Game seed: 70923576878127212

0 valliere the Skirmisher (level 1, -2/18 HPs)
             Began as a Demonspawn Abyssal Knight on May 28, 2022.
             Was a Believer of Lugonu.
             Slain by a small abomination (20 damage)
             ... on level 1 of the Abyss.
             The game lasted 00:01:32 (482 turns).

valliere the Skirmisher (Demonspawn Abyssal Knight)  Turns: 482, Time: 00:01:33

Health: -2/18      AC:  3    Str: 13    XL:     1   Next: 0%
Magic:  2/2        EV: 11    Int: 11    God:    Lugonu [**....]
Gold:   0          SH:  0    Dex: 13    Spells: 0/0 levels left

rFire   . . .      SeeInvis .   a - +1 mace
rCold   . . .      Faith    .   (no shield)
rNeg    . . .      Spirit   .   b - +0 leather armour
rPois   .          Reflect  .   (no helmet)
rElec   .          Harm     .   (no cloak)
rCorr   .          Rampage  .   (no gloves)
Will    .....                   (no boots)
Stlth   +.........              (no amulet)
HPRegen 0.06/turn               (no ring)
MPRegen 0.08/turn               (no ring)

@: no status effects
A: no striking features
a: Renounce Religion, Depart the Abyss, Bend Space


You were on level 1 of the Abyss.
You worshipped Lugonu.
Lugonu was pleased with you.
You visited 0 branches of the dungeon, and saw 0 of its levels.
You visited the Abyss 1 time.

Inventory:

Hand Weapons
 a - a +1 mace (weapon)
Armour
 b - a +0 leather armour (worn)


   Skills:
 - Level 3.0 Fighting
 + Level 1.7 Maces & Flails
 - Level 1.7 Armour
 - Level 0.8 Dodging
 * Level 2.4 Invocations


You couldn't memorise any spells.
You didn't know any spells.
Your spell library was empty.

Dungeon Overview and Level Annotations

Branches:
Dungeon (0/15)

Altars:


Message History

You hit the white imp.
The white imp is lightly wounded.
The white imp closely misses you.
You hit the white imp.
You punch the white imp, but do no damage.
The white imp is heavily wounded.
The white imp gestures at you. The puff of frost hits you!
Ouch! That really hurt!
The white imp grins evilly.
The white imp closely misses you.
You are too injured to fight recklessly!
You are too injured to fight recklessly!
You are too injured to fight recklessly!
You barely miss the white imp.
The white imp is heavily wounded.
The white imp closely misses you.
You barely miss the white imp.
The white imp is heavily wounded.
The white imp hits you but does no damage.
You hit the white imp.
The white imp is almost dead.
The white imp hits you but does no damage.
The white imp gestures at you. The puff of frost hits you.
You hit the white imp.
You kill the white imp!
That felt strangely unrewarding.
You are suddenly pulled into a different region of the Abyss!
HP restored.
You are suddenly pulled into a different region of the Abyss!
You enter the shallow water.
Moving in this stuff is going to be slow.
You enter the shallow water.
Moving in this stuff is going to be slow.
A small abomination comes into view.
You hit the small abomination but do no damage.
The small abomination hits you!!
Ouch! That really hurt!
You die...

.. ### . #.. . ##
#..##.# . ...##.#
#.#. .#
≈≈≈#.#.#≈###≈≈≈.≈≈
≈≈≈≈#.≈≈≈≈≈♣≈≈..#
# ≈≈≈≈≈
#..≈..#####.♣ #
#.≈....#....#.#
#.#
#####.#..##@x..# .
.# .##.##.#..##.##
.# #.##..####.# ..
#.##.# ...# ### .#
..#. ### # #
...##. .## .## ##
###


You could see a small abomination.

Vanquished Creatures
  A white imp (Abyss:1)
1 creature vanquished.

Notes
Turn   | Place    | Note
-------+----------+-------------------------------------------
     0 | Abyss:1  | valliere the Demonspawn Abyssal Knight began the quest for
                  | the Orb.
     0 | Abyss:1  | Reached XP level 1. HP: 18/18 MP: 2/2
   479 | Abyss:1  | Noticed a small abomination
   482 | Abyss:1  | Slain by a small abomination

Illustrated notes

Levels and vault maps discovered:
Abyss:1:  base: Temple, guppyfry_abyss_exit_spiral_guarded, base:
Temple

Action                   || total
-------------------------++-------
Melee: Mace              ||     9
       Punch             ||     1
Armor: Leather armour    ||     3
Dodge: Dodged            ||     5

Table legend: (Time is in decaauts)
 A = Elapsed time spent in this place.
 B = Non-inter-level travel time spent in this place.
 C = Inter-level travel time spent in this place.
 D = Time resting spent in this place.
 E = Time spent auto-exploring this place.
 F = Levels seen in this place.
 G = Mean time per level.
                   A        B        C        D        E       F      G
               +--------+--------+--------+--------+--------+-----+--------+
         Total |    486 |    486 |      0 |      0 |    465 |   1 |  486.0 |
         Abyss |    486 |    486 |      0 |      0 |    465 |   1 |  486.0 |
               +--------+--------+--------+--------+--------+-----+--------+

Top non-repeatable levels by time:
 Abyss:1: 486 daAuts
